 Dungeon Crawl Stone Soup version 0.28-a0-1389-gc726bef33b (webtiles) character file.

Game seed: 17734742001375156849

6511 ryw the Fighter (level 10, -3/91 HPs)
             Began as a Demigod Fighter on Jan 3, 2022.
             Slain by a spriggan (12 damage)
             ... in a bailey.
             The game lasted 00:17:19 (9533 turns).

ryw the Fighter (Demigod Fighter)                   Turns: 9533, Time: 00:17:19

Health: -3/91      AC: 14    Str: 33    XL:     10   Next: 42%
Magic:  0/13       EV: 10    Int: 10    God:
Gold:   462        SH:  5    Dex: 17    Spells: 9/9 levels left

rFire   x . .      SeeInvis +   n - +3 war axe of Qimeroul {distort, rF- Will+ Dex+4}
rCold   . . .      Faith    .   c - +0 buckler
rNeg    . . .      Spirit   +   E - +3 scale mail
rPois   +          Reflect  .   g - +1 helmet
rElec   .          Harm     .   (no cloak)
rCorr   +          Rampage  .   e - +0 pair of gloves
Will    ++...                   (no boots)
Stlth   ..........              o - amulet "Acir" {Spirit Fragile rCorr Str+4 SInv}
HPRegen 0.25/turn               i - ring of poison resistance
MPRegen 0.13/turn               j - ring of resist corrosion

@: no status effects
A: high mp 1, forlorn, divine attributes
a: no special abilities


You were in a bailey.
You visited 1 branch of the dungeon, and saw 10 of its levels.
You also visited: Bailey.

You collected 462 gold pieces.

Inventory:

Hand Weapons
 a - a +1 war axe
 n - the +3 war axe of Qimeroul (weapon) {distort, rF- Will+ Dex+4}
   (You found it on level 4 of the Dungeon)

   It warps and distorts space around it, and may blink, banish, or inflict
   extra damage upon those it strikes.
   Unwielding it can cause banishment or high damage.
   Dex:       It affects your dexterity (+4).
   rF:        It makes you vulnerable to fire.
   Will:      It increases your willpower.
Missiles
 f - 43 poisoned darts (quivered)
 m - 6 datura-tipped darts
 u - 3 javelins
Armour
 c - a +0 buckler (worn)
 e - a +0 pair of gloves (worn)
 g - a +1 helmet (worn)
 E - a +3 scale mail (worn)
Jewellery
 d - an amulet of regeneration
 i - a ring of poison resistance (left hand)
 j - a ring of resist corrosion (right hand)
 o - the amulet "Acir" (around neck) {Spirit Fragile rCorr Str+4 SInv}
   (You found it on level 6 of the Dungeon)

   [amulet of guardian spirit]

   It causes incoming damage to be divided between your reserves of health and
   magic.
   Str:       It affects your strength (+4).
   SInv:      It lets you see invisible.
   rCorr:     It protects you from acid and corrosion.
   Fragile:   It will be destroyed if unequipped.
 y - an amulet of the acrobat
Wands
 t - a wand of iceblast (7)
 v - a wand of acid (7)
 w - a wand of digging (5)
 x - a wand of polymorph (12)
 B - a wand of paralysis (4)
Scrolls
 h - a scroll of holy word
 q - 3 scrolls of identify
 s - 2 scrolls of teleportation
 D - a scroll of magic mapping
Potions
 k - a potion of cancellation
 p - a potion of mutation
 r - a potion of brilliance
 z - a potion of attraction
 A - 2 potions of invisibility
 C - a potion of haste


   Skills:
 + Level 9.1 Fighting
 * Level 9.1 Axes
 - Level 3.0 Throwing
 + Level 6.9 Armour
 - Level 2.6 Shields
 + Level 4.3 Evocations


You had 9 spell levels left.
You didn't know any spells.
Your spell library contained the following spells:

 Spells                   Type           Power      Damage    Failure   Level
 Animate Skeleton         Necr           0%         N/A       63%         1
 Apportation              Tloc           0%         N/A       63%         1
 Magic Dart               Conj           0%         1d3       63%         1
 Summon Small Mammal      Summ           0%         N/A       63%         1
 Call Imp                 Summ           0%         N/A       77%         2
 Conjure Flame            Conj/Fire      0%         6-21      94%         3
 Ignite Poison            Fire/Tmut/Pois 0%         N/A       94%         3
 Mephitic Cloud           Conj/Pois/Air  0%         N/A       94%         3
 Sticky Flame             Conj/Fire      0%         2d3       100%        4


Dungeon Overview and Level Annotations

Branches:
Dungeon (10/15)            Temple (0/1) D:7             Orc (0/2) D:10
 Bailey (1/1)
   Lair: D:8-11

Shops:
D:1 =   D:5 [((

Annotations:
Abyss:1 Edmund


Innate Abilities, Weirdness & Mutations

You have an increased reservoir of magic. (+10% MP)
You shall have no god before yourself.
Your divine heritage dramatically boosts your attributes as you level up.


Message History

Unknown command.
You completely miss the spriggan. The spriggan barely misses you.
The spriggan closely misses you. The ogre barely misses you.
You block the spriggan's attack.
The spriggan hits you from afar with a +0 trident.
* * * LOW HITPOINT WARNING * * *
Unknown command.
An ogre comes into view. It is wielding a +0 halberd.
The spriggan barely misses you.
The spriggan hits you from afar with a +0 trident!
* * * LOW HITPOINT WARNING * * *
You see here a +0 trident.
It was a potion of heal wounds.
You feel much better.
The ogre shouts!
You hear a shout! x2
The ogre hits you but does no damage.
The spriggan hits you but does no damage. x2
Unknown command.
You hit the ogre.
The ogre is lightly wounded.
You hit the spriggan.
Space warps around the spriggan.
The ogre closely misses you. The spriggan misses you.
The spriggan barely misses you.
The ogre hits you from afar with a +0 halberd!
You block the spriggan's attack.
The spriggan hits you from afar with a +0 trident!
* * * LOW HITPOINT WARNING * * *
The spriggan hits you but does no damage.
The ogre barely misses you.
You slash the ogre!
The ogre is devoured by a tear in reality.
You miss the spriggan.
The spriggan hits you from afar with a +0 trident.
* * * LOW HITPOINT WARNING * * *
The ogre hits you from afar with a +0 halberd!
* * * LOW HITPOINT WARNING * * *
The spriggan hits you with a +0 trident.
* * * LOW HITPOINT WARNING * * *
The spriggan barely misses you.
The spriggan hits you from afar with a +0 trident!
You die...

..# ..# ..#
..## ..##
#..# #).#
#..# #@§#
#i.# ♣i.#
##O)# ##).##
.♣ ♣#).##
..♣#####♣).##
#.........##
#.......##


You could see an ogre and 2 spriggans.

Vanquished Creatures
  4 spriggans (Bailey)
  8 yaks (D:8)
  Grum (D:8)
  A water moccasin (D:3)
  6 ogres
  2 orc warriors
  3 wolves (D:7)
  A sky beast (D:7)
  5 centaurs
  3 kobold brigands
  Blork the orc (D:4)
  3 bullfrogs
  2 scorpions
  10 killer bees
  2 howler monkeys (D:8)
  2 centaur zombies
  2 hounds
  4 jellies
  5 orc priests
  A bullfrog skeleton (D:6)
  A centaur skeleton (D:7)
  Jessica (D:3)
  Ijyb (D:4)
  4 orc wizards
  A hound skeleton (D:5)
  A mummy (D:7)
  6 adders
  3 gnolls (D:3)
  A howler monkey skeleton (D:5)
  A white imp (D:5)
  3 worms
  5 dart slugs
  26 orcs
  6 ball pythons
  3 bats
  6 endoplasms
  6 giant cockroaches
  6 goblins
  7 hobgoblins
  7 jackals
  20 kobolds
  5 quokkas
  2 frilled lizards
  4 rats
192 creatures vanquished.

Vanquished Creatures (others)
  3 plants (D:5)
3 creatures vanquished.

Grand Total: 195 creatures vanquished

Notes
Turn   | Place    | Note
-------+----------+-------------------------------------------
     0 | D:1      | ryw the Demigod Fighter began the quest for the Orb.
     0 | D:1      | Reached XP level 1. HP: 18/18 MP: 3/3
    80 | D:1      | Reached XP level 2. HP: 13/26 MP: 4/4
   689 | D:1      | Found Viengesa's Jewellery Shoppe.
  1071 | D:1      | Reached XP level 3. HP: 33/33 MP: 5/5
  2406 | D:3      | Noticed a water moccasin
  2415 | D:3      | Killed a water moccasin
  2416 | D:3      | Reached skill level 5 in Fighting
  2416 | D:3      | Reached XP level 4. HP: 42/42 MP: 6/6
  2416 | D:3      | Reached XP level 5. HP: 48/48 MP: 7/7
  3115 | D:3      | Noticed Jessica
  3346 | D:3      | Killed Jessica
  3759 | D:4      | Reached XP level 6. HP: 47/58 MP: 8/8
  3900 | D:4      | Identified the +3 war axe of Qimeroul {distort, rF- Will+
                  | Dex+4}
  4311 | D:4      | Noticed Ijyb
  4312 | D:4      | Noticed Blork the orc
  4321 | D:4      | Killed Blork the orc
  4331 | D:4      | Killed Ijyb
  4697 | D:5      | Entered Level 5 of the Dungeon
  4697 | D:5      | Found Uzakol Godghe's Weapon Emporium.
  4774 | D:4      | Reached XP level 7. HP: 54/64 MP: 9/9
  4826 | D:5      | Found Imu Ziyt's Armour Boutique.
  4922 | D:5      | Noticed a troll
  4927 | D:5      | Banished a troll
  4942 | D:5      | Reached XP level 8. HP: 73/73 MP: 10/10
  5033 | D:5      | Found Buxom's Weapon Boutique.
  5056 | D:5      | Reached skill level 5 in Axes
  5426 | D:6      | Noticed Edmund
  5428 | D:6      | Banished Edmund
  5567 | D:6      | Reached skill level 5 in Armour
  5590 | D:6      | Identified the amulet "Acir" {Spirit Fragile rCorr Str+4
                  | SInv}
  6077 | D:7      | Found a large runed translucent door.
  6520 | D:7      | Found a staircase to the Ecumenical Temple.
  6579 | D:7      | Found a sand-covered staircase.
  6754 | D:7      | Found a large runed translucent door.
  6857 | D:7      | Reached skill level 1 in Throwing
  6857 | D:7      | Reached skill level 1 in Evocations
  6899 | D:8      | Reached XP level 9. HP: 73/81 MP: 8/11
  7006 | D:8      | Noticed Grum
  7482 | D:8      | Killed Grum
  8312 | D:9      | Reached XP level 10. HP: 74/90 MP: 11/13
  9169 | D:10     | Entered Level 10 of the Dungeon
  9266 | D:10     | Found a staircase to the Orcish Mines.
  9396 | D:10     | Found a flagged portal.
  9405 | Bailey   | Entered a bailey
  9533 | Bailey   | Slain by a spriggan

Illustrated notes

Levels and vault maps discovered:
D:1:      scummos_arrival_forest, layout_basic, serial_shops,
          nicolae_shop_behind_doors, minmay_pentomino_w4
D:2:      layout_basic, nicolae_wormholes
D:3:      layout_basic, hellmonk_ecumenical_altar_blasted, uniq_jessica
D:4:      nicolae_cairo_tiling_large, layout_rooms,
          mainiacjoe_overflow_six_doors_small, hangedman_decor_diamond_cutter,
          kennysheep_nondescript, uniq_ijyb, uniq_blork_the_orc
D:5:      layout_cave_pools, fedhas_bush_and_centaur_altar,
          nicolae_ru_great_annihilating_truth, nicolae_hepliaklqana_hazy_memory,
          serial_shops, shop, nicolae_shop_crystal, shop,
          chequers_serial_rivers_large_b
D:6:      layout_basic, amcnicky_altar_gilded,
          mainiacjoe_overflow_large_starburst, uniq_edmund
D:7:      layout_cave_pools, jmf_multi_god_temple2,
          mainiacjoe_overflow_boulevard, evilmike_ruin_ashenzari,
          minmay_temple_entry_glassed_door, gup_ossuary_entry_pyramid
D:8:      layout_basic, minmay_liquid_box, uniq_grum
D:9:      layout_loops_ring
D:10:     layout_long_grid, nicolae_sif_muna_little_library,
          minmay_orc_entry_temple_small, enter_bailey_2,
          amcnicky_mini_rare_corridor_liquid, kb_lookout_dungeons_type
Bailey:   bailey_polearm_enchanted_keep_hellmonk, bailey

Skill      XL: |  1  2  3  4  5  6  7  8  9 10 |
---------------+-------------------------------+-----
Fighting       | 3 5 6 7 8 9 |  9.1
Axes           | 3 4 6 8 9 |  9.1
Armour         | 3 4 5 6 |  6.9
Throwing       | 1 3 |  3.0
Evocations     | 1 3 4 |  4.3
Shields        | |  2.6

Action                   |  1- 3 |  4- 6 |  7- 9 | 10-12 || total
-------------------------+-------+-------+-------+-------++-------
Melee: War axe           |   108 |   145 |   146 |    73 ||   472
Throw: Dart              |       |       |     3 |       ||     3
  Use: Scroll            |     5 |     4 |     4 |     1 ||    14
       Potion            |       |     1 |     1 |     2 ||     4
 Stab: Paralysed         |       |       |     1 |       ||     1
Armor: Scale mail        |    57 |    72 |    76 |    26 ||   231
Dodge: Dodged            |    50 |    84 |    95 |    58 ||   287
Block: Buckler           |    24 |    40 |    41 |    18 ||   123

Table legend: (Time is in decaauts)
 A = Elapsed time spent in this place.
 B = Non-inter-level travel time spent in this place.
 C = Inter-level travel time spent in this place.
 D = Time resting spent in this place.
 E = Time spent auto-exploring this place.
 F = Levels seen in this place.
 G = Mean time per level.
                   A        B        C        D        E       F      G
               +--------+--------+--------+--------+--------+-----+--------+
         Total |   9694 |   9133 |    561 |   1524 |   6078 |  11 |  881.3 |
       Dungeon |   9581 |   9020 |    561 |   1501 |   6065 |  10 |  958.1 |
        Bailey |    113 |    113 |      0 |     22 |     12 |   1 |  113.0 |
               +--------+--------+--------+--------+--------+-----+--------+

Top non-repeatable levels by time:
     D:7: 1468 daAuts
     D:1: 1332 daAuts
     D:2: 1308 daAuts
     D:4: 1195 daAuts
     D:3: 1045 daAuts
     D:8: 899 daAuts
     D:9: 886 daAuts
     D:5: 738 daAuts
     D:6: 470 daAuts
    D:10: 236 daAuts
  Bailey: 113 daAuts
